AoeStats
← Enlightened

Arena

510335510Analyzed
3v3 RM · 1d ago on Sep 30, 2026· 39m 45s· 6 players
Game mode
Random Map
Map size
Normal (6 player)
Population
200
Speed
Normal
Resources
Standard
Victory
Conquest
Starting age
Dark Age
Ending age
Imperial Age
RankedLock teamsTeams togetherTeam positionsShared explorationLock speedFull tech treeHidden civsTurbo modeCheats
Victory
Defeat
🇷🇺 Berbers · Russia
1330
+15
🇪🇸 Britons · Spain
1290
+16
🇳🇱 Portuguese · Netherlands
1268
+17
🇺🇸 Slavs · United States
1385
-19
🇯🇵 Spanish · Japan
1331
-17
🇨🇾 Italians · Cyprus
1184
-12
Kez
10:48 Feudal Age
14:44 Castle Age
12:31 Double-Bit Axe
19:26 Loom
22:22 Bow Saw
21:55 Horse Collar
23:48 Wheelbarrow
25:02 Gold Mining
25:29 Heavy Plow
25:56 Hand Cart
25:27 Town Watch
29:30 Imperial Age
27:18 Treadmill Crane
27:36 Stone Mining
29:27 Masonry
31:17 Chemistry
31:14 Arquebus
31:35 Conscription
31:38 Ballistics
32:26 Crop Rotation
33:08 Two-Man Saw
33:32 Architecture
32:53 Elite Skirmisher
34:00 Thumb Ring
33:47 Fletching
33:57 Padded Archer Armor
35:21 Bodkin Arrow
35:41 Leather Archer Armor
36:21 Bracer
39:34 Ring Archer Armor
Enlightened
11:01 Feudal Age
12:38 Double-Bit Axe
15:17 Castle Age
13:14 Horse Collar
15:12 Wheelbarrow
16:09 Heavy Plow
16:21 Bow Saw
23:00 Loom
23:15 Gold Mining
27:13 Ballistics
26:42 Town Watch
30:46 Imperial Age
28:58 Hand Cart
28:13 Crossbowman
28:57 Fletching
29:55 Murder Holes
30:11 Fortified Wall
30:02 Bodkin Arrow
30:07 Padded Archer Armor
31:36 Leather Archer Armor
32:34 Bracer
33:37 Chemistry
32:19 Arbalester
33:31 Ring Archer Armor
34:41 Gold Shaft Mining
33:58 Stone Mining
34:41 Town Patrol
39:05 Conscription
39:05 Yeomen
38:46 Warwolf
39:22 Hoardings
boomer2000
11:19 Feudal Age
15:34 Castle Age
13:41 Double-Bit Axe
16:33 Fletching
18:46 Bow Saw
19:03 Loom
21:53 Bodkin Arrow
26:39 Gold Mining
26:39 Stone Mining
27:25 Horse Collar
31:47 Bloodlines
31:38 Husbandry
36:13 Wheelbarrow
40:31 Gold Shaft Mining
39:46 Stone Mining
42:30 Imperial Age
Creed
10:05 Feudal Age
15:00 Castle Age
13:18 Double-Bit Axe
13:50 Horse Collar
16:43 Bow Saw
18:34 Wheelbarrow
20:46 Heavy Plow
20:47 Loom
22:51 Hand Cart
22:22 Town Watch
22:28 Fletching
23:19 Gold Mining
23:19 Stone Mining
28:07 Imperial Age
26:07 Scale Barding Armor
26:13 Forging
26:26 Ballistics
26:16 Masonry
26:34 Squires
26:35 Scale Mail Armor
26:31 Bodkin Arrow
26:26 Pikeman
28:01 Chain Barding Armor
27:44 Husbandry
28:05 Bloodlines
28:49 Iron Casting
29:39 Conscription
30:35 Plate Barding Armor
31:24 Two-Man Saw
31:45 Crop Rotation
31:53 Gold Shaft Mining
32:48 Blast Furnace
32:13 Halberdier
33:09 Chain Mail Armor
33:03 Detinets
35:36 Plate Mail Armor
36:47 Chemistry
36:51 Siege Engineers
36:46 Murder Holes
36:59 Druzhina
37:36 Hoardings
36:48 Onager
38:05 Siege Onager
fuita
9:37 Loom
11:22 Feudal Age
15:33 Castle Age
13:25 Double-Bit Axe
14:11 Horse Collar
14:45 Gold Mining
14:49 Stone Mining
16:56 Heavy Plow
21:35 Bow Saw
27:10 Imperial Age
25:19 Fletching
26:55 Wheelbarrow
26:33 Padded Archer Armor
26:56 Ballistics
27:03 Town Watch
27:31 Bodkin Arrow
29:02 Chemistry
27:43 Treadmill Crane
28:57 Crop Rotation
29:33 Bracer
29:49 Leather Archer Armor
31:17 Two-Man Saw
31:59 Ring Archer Armor
31:40 Forging
33:09 Hand Cart
33:09 Bloodlines
33:14 Scale Barding Armor
33:01 Light Cavalry
38:50 Husbandry
39:30 Iron Casting
ggmax
10:10 Feudal Age
11:19 Loom
14:08 Castle Age
11:58 Double-Bit Axe
12:56 Horse Collar
13:50 Padded Archer Armor
15:38 Bow Saw
20:40 Leather Archer Armor
21:03 Fletching
22:56 Wheelbarrow
23:07 Bodkin Arrow
32:14 Bloodlines
37:20 Elite Skirmisher
38:39 Heavy Plow
38:59 Thumb Ring
Connection lost

Rejoining the realm…

Still unreachable

The connection could not be restored.

Session expired

The server has moved on; the page needs a fresh start.